 Dungeon Crawl Stone Soup version 0.31.0-1-g2c135a0 (webtiles) character file.

Game seed: 18118158933073967914

1627822 Nurvuk the Conqueror (level 27, 290/290 HPs)
             Began as an Oni Berserker on Feb 2, 2024.
             Was an Elder of Trog.
             Escaped with the Orb
             ... and 3 runes on Feb 3, 2024!
             The game lasted 04:15:11 (72856 turns).

Nurvuk the Conqueror (Oni Berserker)               Turns: 72856, Time: 04:15:11

Health: 290/290    AC: 41    Str: 39    XL:     27
Magic:  23/23      EV:  9    Int: 12    God:    Trog [****..]
Gold:   1936       SH:  0    Dex:  7    Spells: 26/26 levels left

rFire   + + +        A - +11 giant spiked club (drain)
rCold   + + .        (shield currently unavailable)
rNeg    + . .        T - +12 gold dragon scales
rPois   +            (helmet restricted)
rElec   .            s - +2 cloak {rF+}
rCorr   +            (gloves unavailable)
SInv    .            (boots unavailable)
Will    +++++        U - amulet of the Four Winds {rN+ Will+++ Clar} Stlth
                     E - ring "Buidoch" {rF+ rC+ rCorr Int+6 Dex-3}
HPRegen 0.68/turn    I - ring "Vusteoch" {rPois Str+4}
MPRegen 0.18/turn

%: clarity
@: no status effects
A: large, unfitting armour, horns 2, tough skin 1, double potion healing,
drunken brawling, talons 1, clumsy 1, dopey 1, frail 1, strong-willed 1, wild
magic 2
0: Orb of Zot
}: 3/15 runes: decaying, serpentine, silver
a: Renounce Religion, Berserk, Trog's Hand, Brothers in Arms


You escaped.
You worshipped Trog.
Trog was greatly pleased with you.
You visited 11 branches of the dungeon, and saw 49 of its levels.
You visited 1 bazaar.
You also visited: Ossuary, Gauntlet, Ice Cave and Volcano.

You collected 6761 gold pieces.
You spent 4825 gold pieces at shops.

Inventory:

Hand Weapons
 x - a +9 antimagic giant spiked club
 A - a +11 giant spiked club of draining (weapon)
 Z - the +5 great mace of Blue Friendship {heavy, rElec Will+}
   (Trog gifted it to you on level 4 of the Swamp)

   rElec:     It insulates you from electricity.
   Will+:     It increases your willpower.
Missiles
 d - 14 boomerangs
 l - 19 javelins
 m - 12 curare-tipped darts
 y - 72 poisoned darts
 D - 6 throwing nets
 V - 82 large rocks (quivered)
Armour
 k - a +2 hat of willpower
 s - a +2 cloak of fire resistance (worn)
 T - +12 gold dragon scales (worn)
Jewellery
 w - an amulet of regeneration
 E - the ring "Buidoch" (left hand) {rF+ rC+ rCorr Int+6 Dex-3}
   (You bought it in a shop on level 2 of the Orcish Mines)

   [ring of resist corrosion]

   Int+6:     It affects your intelligence (+6).
   Dex-3:     It affects your dexterity (-3).
   rF+:       It protects you from fire.
   rC+:       It protects you from cold.
   rCorr:     It protects you from acid and corrosion.
 F - the amulet of Zaankina {Reflect Int+7 SH+5 Stlth+}
   (You took it off a deep elf annihilator on level 3 of the Elven Halls)

   [amulet of reflection]

   Reflect:   It reflects blocked missile attacks.
   Int+7:     It affects your intelligence (+7).
   SH+5:      It affects your SH (+5).
   Stlth+:    It makes you more stealthy.
 I - the ring "Vusteoch" (right hand) {rPois Str+4}
   (You found it in a Gauntlet)

   [ring of poison resistance]

   Str+4:     It affects your strength (+4).
   rPois:     It protects you from poison
 S - a ring of willpower
 U - the amulet of the Four Winds (around neck) {rN+ Will+++ Clar}
   (You took it off a deep elf blademaster on level 3 of the Elven Halls)

   [amulet of nothing]

   rN+:       It protects you from negative energy.
   Will+++:   It greatly increases your willpower.
   Clar:      It protects you from confusion, rage, mesmerisation and fear.
 W - a ring of positive energy
Wands
 t - a wand of iceblast (55)
 K - a wand of polymorph (35)
 O - a wand of mindburst (34)
Scrolls
 a - 4 scrolls of enchant weapon
 c - 7 scrolls of fear
 f - 17 scrolls of teleportation
 g - 5 scrolls of vulnerability
 j - 3 scrolls of poison
 p - 8 scrolls of fog
 q - 6 scrolls of brand weapon
 C - 2 scrolls of summoning
 J - 22 scrolls of identify
 L - a scroll of silence
 Q - 2 scrolls of revelation
 X - 2 scrolls of immolation
Potions
 b - 3 potions of invisibility
 e - 2 potions of berserk rage
 h - 2 potions of cancellation
 i - 13 potions of curing
 n - 7 potions of attraction
 o - 5 potions of ambrosia
 r - 8 potions of enlightenment
 u - 6 potions of mutation
 B - 13 potions of lignification
 G - 2 potions of heal wounds
 H - a potion of resistance
 N - 2 potions of magic
 R - a potion of haste
 Y - 4 potions of might
Miscellaneous
 v - a lightning rod (4/4)
 z - a tin of tremorstones (2/2)
 P - a sack of spiders


   Skills:
 O Level 27 Fighting
 O Level 27 Maces & Flails
 - Level 20.5 Throwing
 + Level 22.3 Armour
 - Level 15.2 Dodging


You had 26 spell levels left.
You didn't know any spells.
Your spell library contained the following spells:

 Spells                   Type           Power      Damage    Failure   Level
 Blink                    Tloc           0%         N/A       98%         2
 Lesser Beckoning         Tloc           0%         N/A       98%         2
 Mercury Vapours          Alch/Air       0%         N/A       98%         2
 Momentum Strike          Conj/Tloc      0%         3d8       98%         2
 Dazzling Flash           Conj/Hex       0%         N/A       100%        3
 Gell's Gravitas          Tloc           0%         N/A       100%        3
 Mephitic Cloud           Conj/Alch/Air  0%         N/A       100%        3
 Ozocubu's Armour         Ice            0%         N/A       100%        3
 Animate Armour           Summ/Erth      0%         N/A       100%        4
 Animate Dead             Necr           0%         N/A       100%        4
 Cause Fear               Hex            0%         N/A       100%        4
 Iskenderun's Mystic Bla  Conj/Tloc      0%         2d3       100%        4
 Summon Lightning Spire   Summ/Air       0%         N/A       100%        4
 Curse of Agony           Necr           0%         N/A       100%        5
 Fireball                 Conj/Fire      0%         3d3       100%        5
 Lee's Rapid Deconstruct  Erth           0%         3d4*      100%        5
 Metabolic Englaciation   Hex/Ice        0%         N/A       100%        5
 Silence                  Hex/Air        0%         N/A       100%        5
 Sculpt Simulacrum        Ice/Alch       0%         N/A       100%        6
 Ozocubu's Refrigeration  Ice            0%         4d7       100%        7
 Infestation              Necr           0%         N/A       100%        8
 Chain Lightning          Conj/Air       0%         N/A       100%        9
 Dragon's Call            Summ           0%         N/A       100%        9
 Polar Vortex             Ice            0%         N/A       100%        9


Dungeon Overview and Level Annotations

Branches:
Dungeon (15/15)            Temple (1/1) D:5            Lair (5/5) D:10
  Swamp (4/4) Lair:2        Snake (4/4) Lair:2        Slime (0/5) Lair:5
    Orc (2/2) D:9             Elf (3/3) Orc:2        Vaults (5/5) D:13
  Crypt (1/3) Vaults:2     Depths (4/4) D:15            Zot (5/5) Depths:4
Ossuary (visited)           IceCv (visited)         Volcano (visited)
Gauntlet (visited)

Altars:
Ashenzari
Cheibriados
Dithmenos
Elyvilon
Fedhas
Gozag
Hepliaklqana
Kikubaaqudgha
Makhleb
Nemelex Xobeh
Okawaru
Qazlal
Ru
Sif Muna
Trog
Uskayaw
Vehumet
Wu Jian
Xom
Yredelemnul
Zin
The Shining One
Jiyva

Shops:
Orc:2 [([*=   Elf:3 ::=   Snake:4 ?*   Vaults:2 ?   Vaults:3 [   Vaults:5 ?!?
Depths:2 *

Portals:
Hell: Depths:1 Depths:2 Depths:3 Depths:4
Abyss: Depths:1 Depths:2 Depths:3
Pandemonium: Depths:2
Ziggurat: Depths:3

Annotations:
Lair:3 2 transporters, exclusion: oklob plant, Befuwnopp's ghost, journeyman TrHu
Vaults:3 1 runed translucent door


Innate Abilities, Weirdness & Mutations

You are too large for most types of armour.
You have a pair of horns on your head.
You have tough skin. (AC +1)
You gain doubled healing and magic from potions.
Whenever you drink a healing potion, you attack all around you.
You have sharp toenails.
You are clumsy. (Dex -2)
You are dopey. (Int -2)
You are frail. (-10% HP)
You are strong-willed. (Will+)
Your spells are harder to cast, but more powerful.


Message History

The hell beast bites you. The hell beast closely misses you.
You closely miss the hell beast. Your kick misses the hell beast.
The hell beast is heavily wounded.
The hell beast misses you. The hell beast tramples you.
You hold your ground!
You hammer the hell beast like a gong!!!
You kill the hell beast!
Trog accepts your kill.
There is a stone staircase leading up here.
You climb upwards.
There is a stone staircase leading down here.
Your skin crawls.
You feel strong-willed. The quokka closely misses you.
You beat the quokka like a drum!!!
You kill the quokka!
Trog accepts your kill.
You feel the effects of Trog's Hand fading.
Your skin stops crawling.
You feel less strong-willed.
There is an escape hatch in the ceiling here.
A mysterious force pulls you upwards. The hatch slams shut behind you.
There is a stone staircase leading up here.
You climb upwards.
There is a stone staircase leading down here.
What level of the Dungeon? (default 1, ? - help)
There is an open door here.
You open the door.
There is an open door here.
There is a stone staircase leading up here.
You climb upwards.
There is a stone staircase leading down here.
You see here a +0 short sword.
HP restored.
There is a staircase leading out of the dungeon here.
There is a staircase leading out of the dungeon here.
There is a staircase leading out of the dungeon here.
A cacodemon and 2 orange demons come into view.
The orange demon screeches!
The cacodemon moves out of view.
There is a staircase leading out of the dungeon here.
You have escaped!

#≈~~~.###...........#
#≈≈~~...............#
#≈~.~.......8.......#
#≈~~~....8........###
#≈~.~.............#
#≈~~~~...........##
#≈~~~~.8....84...#
#≈~≈~~~........2.#
#≈≈~~~~~@.....4.##
#≈≈~~.~.~.......#
#≈≈≈≈~..~~......##
≈≈≈≈≈~..~.......#
≈≈≈≈≈~~~.~~~~~~.#
≈≈≈≈≈≈~~~.~~~~.~#
≈≈≈≈≈≈≈≈~~~~≈≈~~#
≈≈≈≈≈≈≈≈≈≈≈≈≈≈≈≈#
############


You could see a cacodemon and 2 orange demons.

Vanquished Creatures
  8 orbs of fire (Zot:5)
  6 dread liches
  Mara (Swamp:3)
  4 ancient liches
  A juggernaut (Depths:4)
  Xtahua (Vaults:3)
  Boris (Vaults:5)
  Sojobo (Depths:3)
  Bai Suzhen (Swamp:3)
  Parghit (Depths:4)
  Vv (Depths:4)
  Vashnia (Snake:4)
  3 curse toes
  The ghost of Jeut the Impregnable, a veteran MiFi of Gozag (Depths:3)
  7 Killer Klowns
  3 caustic shrikes (Depths:4)
  A profane servitor (Crypt:1)
  A bone dragon (Depths:4)
  8 golden dragons
  2 electric golems (Zot:5)
  21 tentacled monstrosities
  Zenata (Vaults:4)
  3 liches
  2 hellephants (Depths:3)
  6 titans
  23 Orb Guardians
  3 quicksilver dragons
  5 sphinxes
  2 deep elf master archers (Elf:3)
  10 death cobs
  An Executioner (D:7)
  8 tengu reavers
  15 shadow dragons
  10 draconian monks
  4 nagarajas
  2 thorn hunters
  7 storm dragons
  Donald (Vaults:3)
  2 protean progenitors (Depths:4)
  3 fire giants
  A fenstrider witch (Swamp:2)
  3 iron dragons
  6 draconian knights
  7 draconian shifters
  7 deep elf sorcerers
  8 frost giants
  18 vault wardens
  The ghost of aor the Fencer, a journeyman DrBe of Trog (Orc:2)
  6 draconian scorchers
  2 orc warlords
  2 deep elf elementalists (Elf:3)
  2 ghost moths
  6 very ugly things
  13 ironbound thunderhulks
  2 spriggan defenders (Depths:2)
  A formless jellyfish (Vaults:3)
  3 grey draconians
  7 draconian annihilators
  11 ironbound preservers
  11 stone giants
  15 green draconians
  The ghost of edsrzf the Impaler, a journeyman MfCj of Okawaru (Lair:1)
  3 white draconians
  5 war gargoyles
  6 deep elf demonologists
  9 deep elf annihilators
  5 deep elf death magi
  9 black draconians
  5 bunyips
  A spark wasp (Depths:3)
  Azrael (Elf:2)
  9 dire elephants
  16 purple draconians
  3 eleionomae
  A minotaur (Gauntlet)
  8 red draconians
  5 yellow draconians
  2 blizzard demons (IceCv)
  The ghost of geeeeen the Cleaver, a journeyman MiFi of Wu Jian (Lair:1)
  The ghost of kasel the Cleaver, a journeyman FoFi of Okawaru (Orc:2)
  2 green deaths (Swamp:4)
  An eidolon (Crypt:1)
  7 merfolk impalers
  11 ettins
  2 merfolk javelineers (Depths:1)
  3 jiangshi
  A crystal guardian (Vaults:4)
  5 fire dragons
  2 pearl dragon zombies (Crypt:1)
  6 deep elf high priests
  19 yaktaur captains
  16 hydras
  5 great orbs of eyes
  6 ice dragons
  2 hell beasts
  A salamander tyrant (Snake:4)
  4 peacekeepers (Vaults:4)
  3 ogre magi
  3 rakshasas
  3 spriggan air magi
  Fannar (Orc:1)
  8 ironbound frosthearts
  7 alligators
  3 death knights
  30 vault guards
  15 anacondas
  A two-headed ogre (shapeshifter) (Vaults:5)
  A catoblepas (Lair:4)
  17 centaur warriors
  23 dancing weapons
  3 boulder beetles
  12 two-headed ogres
  17 naga warriors
  10 hell hogs
  2 deep troll shamans (D:15)
  4 deep troll earth magi
  An occultist (Depths:3)
  4 orc high priests (Orc:2)
  14 tengu warriors
  9 spriggan berserkers
  15 naga sharpshooters
  7 death yaks
  21 deep elf knights
  A soul eater (Vaults:2)
  6 hell knights
  5 shock serpents
  3 vampire magi
  Nergalle (D:12)
  4 salamander mystics
  A sixfirhy (D:15)
  7 skeletal warriors
  5 goliath frogs
  4 iron trolls
  5 spriggan druids
  2 mana vipers (shapeshifter) (Vaults:5)
  A glowing orange brain (Depths:2)
  26 deep trolls
  5 lindwurms
  An obsidian statue (IceCv)
  6 arcanists
  4 sea snakes (Snake:4)
  6 naga ritualists
  2 phantasmal warriors (Vaults:5)
  7 swamp dragons
  8 spriggan simulacra
  6 mana vipers
  7 bog bodies
  2 flayed ghosts
  An orb spider (shapeshifter) (Depths:3)
  36 deep elf zephyrmancers
  3 large abominations
  Pikel (D:5)
  10 harpies
  28 deep elf pyromancers
  4 necromancers
  A golden dragon skeleton (Depths:1)
  17 ironbound convokers
  7 deep elf archers
  10 orc knights
  7 orc sorcerers
  20 ugly things
  6 cyclopes
  34 moths of wrath
  A salamander (shapeshifter) (Vaults:5)
  The ghost of thelochok the Grasshopper, a novice SpCj of Gozag (D:8)
  A faun (shapeshifter) (Vaults:5)
  4 will-o-the-wisps
  3 manticores
  15 salamanders
  Joseph (D:10)
  9 guardian serpents
  16 naga magi
  2 rust devils (D:15)
  25 elephants
  33 black mambas
  A frost giant skeleton (Depths:1)
  4 apis skeletons (Crypt:1)
  22 vault sentinels
  A rime drake (Lair:3)
  A torpor snail (Lair:3)
  2 centaur skeletons (D:13)
  5 orange demons
  10 cane toads
  9 komodo dragons
  6 kobold demonologists
  A swamp worm zombie (Crypt:1)
  37 yaktaurs
  Maggie (D:7)
  6 freezing wraiths
  4 tengu conjurers
  2 anaconda simulacra (IceCv)
  9 ice devils
  2 bloated husks (Swamp:1)
  A grey draconian skeleton (Crypt:1)
  3 hellwings
  A red devil (D:15)
  A polar bear (shapeshifter) (D:15)
  10 polar bears
  A wolf spider simulacrum (D:14)
  13 tyrant leeches
  7 trolls
  A hornet (shapeshifter) (Depths:1)
  28 hornets
  A spriggan zombie (D:15)
  An alligator simulacrum (IceCv)
  28 blink frogs
  The ghost of Biscolet the Magician, an amateur DjFE (D:3)
  A snapping turtle (shapeshifter) (Vaults:5)
  3 glass eyes
  A centaur simulacrum (D:14)
  37 slime creatures
  2 air elementals
  50 spriggans
  A vampire (D:11)
  12 water elementals
  3 shadows
  8 wyverns
  2 wraiths (D:13)
  3 ynoxinuls
  A spriggan skeleton (D:15)
  3 dire elephant simulacra (IceCv)
  49 yaks
  A basilisk (D:14)
  An unseen horror simulacrum (D:8)
  A human (shapeshifter) (Vaults:5)
  2 neqoxecs (D:15)
  A steam dragon (D:8)
  3 wargs
  A fire elemental (Elf:2)
  7 vampire mosquitoes
  6 minotaur simulacra (IceCv)
  3 harpy simulacra (IceCv)
  2 swamp worms (shapeshifter) (Vaults:5)
  12 swamp worms
  A chaos spawn (D:15)
  3 acid dragons
  50 nagas
  3 hell hounds (Elf:2)
  45 orc warriors
  12 water moccasins
  A meliai simulacrum (D:14)
  5 ice beasts
  4 black bears
  A hornet zombie (D:7)
  2 laughing skulls (D:14)
  A redback (shapeshifter) (Vaults:5)
  3 ettin simulacra (IceCv)
  16 boggarts
  10 centaurs
  10 ogres
  54 wolves
  2 phantoms (D:4)
  7 kobold brigands
  A brain worm (shapeshifter) (D:13)
  13 bullfrogs
  An elf zombie (Ossuary)
  A scorpion (D:6)
  2 earth elementals (Elf:3)
  A human simulacrum (Depths:1)
  11 deep troll simulacra (IceCv)
  A burial acolyte (Ossuary)
  9 wights (D:7)
  10 killer bees
  A lindwurm simulacrum (IceCv)
  3 electric eels
  A bombardier beetle (D:5)
  2 jellies (Lair:5)
  3 bullfrog zombies (D:7)
  2 centaur zombies (D:7)
  23 orc priests
  7 hounds
  2 human zombies (Ossuary)
  A gnoll bouda (D:10)
  5 iguanas
  25 orc wizards
  2 boggart skeletons (D:13)
  3 killer bee zombies (D:7)
  2 crocodile zombies (Ossuary)
  3 mummies (Ossuary)
  A howler monkey zombie (D:7)
  7 gnolls
  4 adders
  11 white imps
  5 ufetubi
  7 adder zombies (Ossuary)
  4 dart slugs
  2 ribbon worms (D:2)
  88 orcs
  8 bats
  7 endoplasms
  2 giant cockroaches (D:1)
  A gnoll zombie (Ossuary)
  6 goblins
  6 hobgoblins
  6 quokkas
  8 ball pythons
  A ball python zombie (Ossuary)
  2 frilled lizards (D:1)
  5 jackal zombies (Ossuary)
  22 kobolds
  6 kobold zombies (Ossuary)
  6 orc zombies (Ossuary)
  A rat (D:2)
  2 aspiring fleshes (Depths:4)
  A butterfly (Lair:2)
2173 creatures vanquished.

Vanquished Creatures (collateral kills)
  An Orb Guardian (Zot:5)
  A tentacled monstrosity (Vaults:5)
  A deep elf blademaster (Elf:3)
  A sphinx (Vaults:5)
  A walking frostbound tome (Depths:2)
  A tengu reaver (Vaults:5)
  3 nagarajas (Snake:4)
  3 storm dragons
  A fire giant (Vaults:5)
  A vault warden (Vaults:5)
  A deep elf elementalist (Elf:3)
  A draconian stormcaller (Zot:2)
  Louise (Swamp:4)
  3 stone giants
  An ironbound thunderhulk (Vaults:3)
  A black draconian (Zot:2)
  A green draconian (Zot:2)
  A yellow draconian (Zot:2)
  A deep elf annihilator (Elf:3)
  A white draconian (Zot:3)
  A quicksilver dragon zombie (D:15)
  5 vault guards (Vaults:5)
  A yaktaur captain (Vaults:3)
  A salamander tyrant (Snake:4)
  A peacekeeper (Vaults:3)
  An ironbound frostheart (Vaults:3)
  An anaconda (Snake:4)
  A two-headed ogre (Vaults:5)
  A deep troll earth mage (Vaults:5)
  A goliath frog (Swamp:4)
  A salamander mystic (Snake:4)
  3 deep trolls
  A mana viper (Snake:2)
  A necromancer (Depths:1)
  2 deep elf zephyrmancers (Elf:1)
  A salamander (Snake:4)
  An elephant (shapeshifter) (Vaults:5)
  An elephant (Lair:5)
  A vault sentinel (Vaults:5)
  A naga mage (Snake:1)
  A black mamba (Snake:2)
  A large abomination (Swamp:4)
  2 yaktaurs (Vaults:3)
  A tengu conjurer (Depths:3)
  2 hornets
  2 spriggans
  2 yaks (Lair:5)
  A water elemental (Depths:1)
  2 nagas (Snake:1)
  A kobold brigand (D:13)
  A kobold (D:13)
69 creatures vanquished.

Vanquished Creatures (others)
  A storm dragon (Zot:1)
  2 yellow draconians (Zot:2)
  A vault guard (Vaults:5)
  A hound (shapeshifter) (Elf:2)
  2 orc wizards
  A kobold (D:3)
  10 foxfires
18 creatures vanquished.

Grand Total: 2260 creatures vanquished

Notes
Turn   | Place    | Note
-------+----------+-------------------------------------------
     0 | D:1      | Nurvuk the Oni Berserker began the quest for the Orb.
     0 | D:1      | Reached XP level 1. HP: 24/24 MP: 1/1
   176 | D:1      | Reached XP level 2. HP: 32/32 MP: 2/2
   636 | D:1      | Reached XP level 3. HP: 38/39 MP: 3/3
  1038 | D:2      | Found a shimmering altar of Xom.
  1501 | D:2      | Reached ** piety under Trog
  1922 | D:3      | Reached XP level 4. HP: 48/48 MP: 4/4
  1987 | D:3      | Found a faded altar of an unknown god.
  2298 | D:3      | Found a runed translucent gate.
  2298 | D:3      | Found a runed translucent gate.
  2298 | D:3      | Found a runed translucent gate.
  2299 | D:3      | Noticed Biscolet's ghost (amateur DjFE)
  2299 | D:3      | Noticed a kobold brigand
  2639 | D:4      | Noticed a phantom
  2658 | D:4      | Killed a phantom
  2659 | D:4      | Reached skill level 5 in Maces & Flails
  2659 | D:4      | Reached XP level 5. HP: 52/54 MP: 5/5
  2708 | D:4      | Noticed a phantom
  2728 | D:4      | Killed a phantom
  2729 | D:4      | Reached XP level 6. HP: 62/62 MP: 6/6
  3052 | D:4      | Found a transporter.
  3074 | D:4      | Found a transporter.
  3844 | D:5      | Entered Level 5 of the Dungeon
  3844 | D:5      | Found a staircase to the Ecumenical Temple.
  3877 | Temple   | Entered the Ecumenical Temple
  4827 | D:6      | Noticed Pikel
  4835 | D:5      | Killed Pikel
  4836 | D:5      | Reached XP level 7. HP: 64/70 MP: 7/7
  4836 | D:5      | Reached XP level 8. HP: 71/78 MP: 8/8
  5780 | D:7      | Found a sand-covered staircase.
  5784 | Ossuary  | Entered an ossuary
  5866 | Ossuary  | Reached skill level 10 in Maces & Flails
  5918 | Ossuary  | Reached *** piety under Trog
  6271 | Ossuary  | Gained mutation: Your natural rate of healing is unusually
                  | fast. [potion of mutation]
  6271 | Ossuary  | Gained mutation: You occasionally shout uncontrollably at
                  | your foes. [potion of mutation]
  6271 | Ossuary  | Gained mutation: You have sharp fingernails. [potion of
                  | mutation]
  6501 | D:7      | Reached XP level 9. HP: 65/84 MP: 9/9
  6538 | D:7      | Noticed Maggie
  6604 | D:7      | Killed Maggie
  6856 | D:7      | Reached skill level 5 in Fighting
  7283 | D:7      | Reached **** piety under Trog
  7571 | D:3      | Killed Biscolet's ghost
  7572 | D:3      | Reached skill level 10 in Fighting
  7580 | D:3      | Reached XP level 10. HP: 74/110 MP: 10/10
  8002 | D:8      | Found a runed translucent gate.
  8005 | D:8      | Found a runed translucent gate.
  8006 | D:8      | Found a runed translucent gate.
  8157 | D:8      | Noticed thelochok's ghost (novice SpCj)
  8368 | D:9      | Reached skill level 1 in Armour
  8576 | D:9      | Found a staircase to the Orcish Mines.
  8908 | D:10     | Entered Level 10 of the Dungeon
  9175 | D:10     | Reached skill level 5 in Dodging
  9252 | D:10     | Noticed Joseph
  9268 | D:10     | Killed Joseph
  9269 | D:10     | Reached skill level 1 in Throwing
  9331 | D:10     | Found a staircase to the Lair.
  9357 | D:10     | Reached XP level 11. HP: 82/123 MP: 11/11
  9480 | D:10     | Found an ancient bone altar of Kikubaaqudgha.
  9575 | D:11     | Reached ***** piety under Trog
  9989 | D:11     | Received a gift from Trog
 10025 | D:11     | Identified the +10 spear "Buewnoku" {venom, rN+}
 10468 | D:11     | Noticed a cyclops
 10480 | D:11     | Killed a cyclops
 10481 | D:11     | Reached skill level 5 in Throwing
 10750 | D:12     | Noticed a manticore
 10760 | D:12     | Killed a manticore
 10835 | D:12     | Found a shimmering blue altar of Sif Muna.
 10934 | D:12     | Noticed Nergalle
 10951 | D:12     | Killed Nergalle
 11334 | D:13     | Noticed an arcanist
 11344 | D:13     | Killed an arcanist
 11491 | D:13     | Noticed a soul eater
 11520 | D:13     | Found a gate leading to a gauntlet.
 11529 | Gauntlet | Entered a Gauntlet
 11529 | Gauntlet | Noticed a tengu warrior
 11529 | Gauntlet | Found a transporter.
 11529 | Gauntlet | Found a transporter.
 11531 | Gauntlet | Found a transporter.
 11543 | Gauntlet | Found a transporter.
 11547 | Gauntlet | Found a transporter.
 11555 | Gauntlet | Found a transporter.
 11559 | Gauntlet | Found a transporter.
 11561 | Gauntlet | Noticed a hell beast
 11568 | Gauntlet | Found a transporter.
 11583 | Gauntlet | Found a transporter.
 11585 | Gauntlet | Noticed an orange crystal statue
 11597 | Gauntlet | Found a transporter.
 11601 | Gauntlet | Found a transporter.
 11601 | Gauntlet | Noticed a necromancer
 11603 | Gauntlet | Found a runed translucent door.
 11605 | Gauntlet | Found a runed translucent door.
 11609 | Gauntlet | Found a transporter.
 11741 | Gauntlet | Killed a tengu warrior
 11742 | Gauntlet | Reached XP level 12. HP: 75/132 MP: 12/12
 11845 | Gauntlet | Identified the ring "Vusteoch" {rPois Str+4}
 12176 | Gauntlet | Noticed a minotaur
 12187 | Gauntlet | Killed a minotaur
 12724 | D:13     | Noticed a death knight
 12747 | D:13     | Killed a death knight
 13139 | D:13     | Noticed a soul eater
 13325 | D:13     | Noticed a two-headed ogre
 13337 | D:13     | Killed a two-headed ogre
 13405 | D:13     | Noticed an ogre mage
 13411 | D:13     | Killed an ogre mage
 13411 | D:13     | Noticed a centaur warrior
 13426 | D:13     | Killed a centaur warrior
 13429 | D:13     | Reached XP level 13. HP: 93/146 MP: 13/13
 13510 | D:13     | Reached skill level 15 in Maces & Flails
 13622 | D:13     | Found a gate to the Vaults.
 14832 | D:15     | Entered Level 15 of the Dungeon
 15208 | D:15     | Reached XP level 14. HP: 134/156 MP: 14/14
 15240 | D:15     | Found a staircase to the Depths.
 16601 | Lair:1   | Entered Level 1 of the Lair of Beasts
 16706 | Lair:1   | Reached skill level 5 in Armour
 16713 | Lair:1   | Received a gift from Trog
 17142 | Lair:1   | Found a runed translucent gate.
 17142 | Lair:1   | Found a runed translucent gate.
 17142 | Lair:1   | Found a runed translucent gate.
 17143 | Lair:1   | Noticed geeeeen's ghost (journeyman MiFi)
 17143 | Lair:1   | Noticed edsrzf's ghost (journeyman MfCj)
 17595 | Lair:1   | Killed geeeeen's ghost
 17598 | Lair:1   | Killed edsrzf's ghost
 17750 | Lair:2   | Found a staircase to the Snake Pit.
 17983 | Lair:2   | Reached XP level 15. HP: 137/163 MP: 15/15
 18016 | Lair:2   | Found a staircase to the Swamp.
 18870 | Lair:3   | Found a transporter.
 18873 | Lair:3   | Found a transporter.
 18873 | Lair:3   | Noticed Befuwnopp's ghost (journeyman TrHu)
 18938 | Lair:3   | Received a gift from Trog
 20597 | Lair:5   | Entered Level 5 of the Lair of Beasts
 20814 | Lair:5   | Found a dark tunnel.
 20846 | Lair:5   | Received a gift from Trog
 20915 | Volcano  | Entered a volcano
 21343 | Lair:5   | Found a viscous altar of Jiyva.
 21345 | Lair:5   | Found a staircase to the Slime Pits.
 21417 | Lair:5   | Reached XP level 16. HP: 167/172 MP: 16/16
 22275 | Lair:5   | Reached skill level 15 in Fighting
 22451 | Lair:5   | Identified the +4 long sword "Puumen" {flame, rPois rF+ rN+
                  | Stlth-}
 22472 | Lair:5   | Identified the staff "Conservator" {Ice Earth}
 22654 | Orc:1    | Entered Level 1 of the Orcish Mines
 22714 | Orc:1    | Received a gift from Trog
 22816 | Orc:1    | You fall into a shaft and drop 1 floor!
 22816 | Orc:2    | Entered Level 2 of the Orcish Mines
 23139 | Orc:2    | Found Numnos's Antique Armour Shop.
 23380 | Orc:2    | Found a staircase to the Elven Halls.
 23460 | Orc:2    | Reached ****** piety under Trog
 23546 | Orc:2    | Received a gift from Trog
 23630 | Orc:2    | Found a runed translucent gate.
 23631 | Orc:2    | Found a runed translucent gate.
 23632 | Orc:2    | Found a runed translucent gate.
 23633 | Orc:2    | Noticed kasel's ghost (journeyman FoFi)
 23634 | Orc:2    | Noticed aor's ghost (journeyman DrBe)
 23816 | Orc:2    | Found Redd's Antique Armour Boutique.
 23817 | Orc:2    | Found Gyiwn's Antique Weapon Boutique.
 23819 | Orc:2    | Found Woakhots's General Store.
 23819 | Orc:2    | Found Balozaull's Jewellery Shop.
 23954 | Orc:2    | Killed aor's ghost
 23965 | Orc:2    | Killed kasel's ghost
 24178 | Orc:1    | Noticed Fannar
 24191 | Orc:1    | Killed Fannar
 24864 | Depths:1 | Entered Level 1 of the Depths
 25135 | Elf:1    | Entered Level 1 of the Elven Halls
 25359 | Orc:2    | Bought fine pearl dragon scales for 2794 gold pieces
 25359 | Orc:2    | Identified the +4 pearl dragon scales "Niuclu Gikk" {rC+
                  | rN+ Str+5 Int-4} (You bought it in a shop on level 2 of the
                  | Orcish Mines)
 25611 | Elf:1    | Found a shimmering blue altar of Sif Muna.
 25622 | Elf:1    | Paralysed by an air elemental for 1 turns
 25632 | Elf:1    | Got the Guidebook on Kinetic Substances
 25761 | Elf:1    | Received a gift from Trog
 25762 | Elf:1    | Reached XP level 17. HP: 155/193 MP: 17/17
 25912 | Elf:1    | Reached skill level 10 in Armour
 27254 | Elf:2    | Received a gift from Trog
 27274 | Elf:2    | Found a runed translucent gate.
 27275 | Elf:2    | Found a runed translucent gate.
 27275 | Elf:2    | Found a runed translucent gate.
 27349 | Elf:2    | Identified the +0 robe of Qilerghodgh {rElec Regen+ rCorr
                  | Dex-3}
 27851 | Elf:2    | Noticed Azrael
 27867 | Elf:2    | Killed Azrael
 28328 | Elf:3    | Entered Level 3 of the Elven Halls
 28425 | Elf:3    | Paralysed by an air elemental for 1 turns
 28427 | Elf:3    | Paralysed by an air elemental for 1 turns
 28429 | Elf:3    | Paralysed by an air elemental for 1 turns
 28431 | Elf:3    | Paralysed by an air elemental for 1 turns
 28497 | Elf:3    | Received a gift from Trog
 28504 | Elf:3    | Reached skill level 10 in Dodging
 28511 | Elf:3    | Reached XP level 18. HP: 203/204 MP: 18/18
 28607 | Elf:3    | Noticed a deep elf master archer
 28609 | Elf:3    | Killed a deep elf master archer
 28636 | Elf:3    | Noticed a Tzitzimitl
 28698 | Elf:3    | Identified the amulet of Zaankina {Reflect Int+7 SH+5
                  | Stlth+}
 28720 | Elf:3    | Noticed a deep elf blademaster
 28720 | Elf:3    | Noticed a deep elf master archer
 28721 | Elf:3    | Killed a deep elf blademaster
 28746 | Elf:3    | Killed a deep elf master archer
 28785 | Elf:3    | Identified the +9 falchion "Ebutor" {protect, rC+ Str+4}
 28801 | Elf:3    | Identified the +0 leather armour "Fusa" {Harm Dex+5 Slay+2
                  | SInv}
 28801 | Elf:3    | Identified the +8 longbow "Xoquarul" {drain, rC+ rCorr
                  | Str+3}
 28878 | Elf:3    | Received a gift from Trog
 29090 | Elf:3    | Found Heevym's Jewellery Boutique.
 29090 | Elf:3    | Found Lefylat's Book Emporium.
 29093 | Elf:3    | Found Zorri's Book Emporium.
 29225 | Elf:3    | Found a radiant altar of Vehumet.
 29444 | Elf:3    | Identified the staff "Grim" {rF+ Str+3 Int-3 Stlth+ Summ
                  | Fire}
 29460 | Elf:3    | Got the Writings on the Disjunct Crypt
 29467 | Elf:3    | Identified the +1 pair of gloves of Ikkeetuffu {rN+ Will+}
 29485 | Elf:3    | Identified the staff of the Solstice {rF++ rN+ Str+5 SInv
                  | Necro}
 29876 | Snake:1  | Entered Level 1 of the Snake Pit
 29914 | Swamp:1  | Entered Level 1 of the Swamp
 29955 | Swamp:1  | Reached skill level 10 in Throwing
 30428 | Swamp:1  | Paralysed by a hornet for 3 turns
 30957 | Swamp:2  | Noticed a tentacled monstrosity
 30966 | Swamp:2  | Killed a tentacled monstrosity
 30967 | Swamp:2  | Reached XP level 19. HP: 219/219 MP: 19/19
 31428 | Swamp:3  | Noticed Bai Suzhen
 31441 | Swamp:3  | Killed Bai Suzhen
 31533 | Swamp:3  | Noticed Mara
 31548 | Swamp:3  | Noticed Nurvuk's illusion
 31549 | Swamp:3  | Killed Mara
 31691 | Swamp:3  | Noticed a tentacled monstrosity
 31697 | Swamp:3  | Killed a tentacled monstrosity
 31698 | Swamp:3  | Reached skill level 15 in Armour
 31822 | Swamp:4  | Entered Level 4 of the Swamp
 31898 | Swamp:4  | Identified the +5 great mace of Blue Friendship {heavy,
                  | rElec Will+} (Trog gifted it to you on level 4 of the
                  | Swamp)
 31898 | Swamp:4  | Received a gift from Trog
 31999 | Swamp:4  | Noticed a tentacled monstrosity
 32005 | Swamp:4  | Killed a tentacled monstrosity
 32168 | Swamp:4  | Noticed Louise
 32175 | Swamp:4  | Killed Louise
 32866 | Swamp:4  | Got a decaying rune of Zot
 33373 | Snake:1  | Received a gift from Trog
 33828 | Snake:1  | Reached XP level 20. HP: 234/234 MP: 20/20
 36657 | Snake:4  | Entered Level 4 of the Snake Pit
 36665 | Snake:4  | Received a gift from Trog
 36832 | Snake:4  | Found Bisch's Magic Scroll Emporium.
 36841 | Snake:4  | Found a glacial archway.
 36849 | Snake:4  | Lost mutation: Your natural rate of healing is unusually
                  | fast. [potion of mutation]
 36849 | Snake:4  | Lost mutation: You have sharp fingernails. [potion of
                  | mutation]
 36849 | Snake:4  | Gained mutation: You have a pair of horns on your head.
                  | [potion of mutation]
 36849 | Snake:4  | Gained mutation: You have a pair of large horns on your
                  | head. [potion of mutation]
 36849 | Snake:4  | Gained mutation: You have large cloven feet. [potion of
                  | mutation]
 36849 | Snake:4  | Gained mutation: You passively map a small area around you.
                  | [potion of mutation]
 36860 | IceCv    | Entered an ice cave
 38337 | Snake:4  | Received a gift from Trog
 38591 | Snake:4  | Reached XP level 21. HP: 94/257 MP: 7/21
 39215 | Snake:4  | Noticed Vashnia
 39226 | Snake:4  | Killed Vashnia
 39490 | Snake:4  | Got a serpentine rune of Zot
 39620 | Snake:4  | Found Aceci's General Store.
 40259 | Vaults:1 | Entered Level 1 of the Vaults
 41064 | Vaults:1 | Received a gift from Trog
 42341 | Vaults:2 | Received a gift from Trog
 42523 | Vaults:2 | Found a staircase to the Crypt.
 42990 | Vaults:2 | Reached XP level 22. HP: 194/267 MP: 22/22
 43813 | Vaults:2 | Found Kyinoqaono's Magic Scroll Shoppe.
 44066 | Vaults:3 | Identified the +3 flail of the Slime-mould {freeze, rC+
                  | Dex+2 Stlth+}
 44179 | Vaults:3 | Noticed Donald
 44190 | Vaults:3 | Killed Donald
 44266 | Vaults:3 | Identified the +3 dire flail of the Gloaming {heavy,
                  | *Corrode +Blink Dex+2} (Trog gifted it to you on level 3 of
                  | the Vaults)
 44266 | Vaults:3 | Received a gift from Trog
 44283 | Vaults:3 | Reached skill level 15 in Dodging
 44755 | Vaults:3 | Found Hizarph's Antique Armour Emporium.
 44782 | Vaults:3 | Noticed Xtahua
 44795 | Vaults:3 | Killed Xtahua
 44906 | Vaults:3 | Paralysed by a sphinx for 2 turns
 45446 | Vaults:3 | Found a runed translucent door.
 46242 | Orc:2    | Bought the ring "Buidoch" {rF+ rC+ rCorr Int+6 Dex-3} for
                  | 662 gold pieces
 46707 | Vaults:4 | Received a gift from Trog
 46891 | Vaults:4 | Noticed Zenata
 46896 | Vaults:4 | Killed Zenata
 47375 | Vaults:4 | Reached skill level 27 in Fighting
 48525 | D:15     | Reached XP level 23. HP: 198/281 MP: 23/23
 48526 | D:15     | Received a gift from Trog
 50032 | Depths:1 | Found a gateway to Hell.
 50289 | Depths:1 | Found a one-way gate to the infinite horrors of the Abyss.
 50419 | Depths:1 | Found a white marble altar of Elyvilon.
 50692 | Depths:2 | Found Vuczell's Assorted Antiques.
 50702 | Depths:2 | Bought a potion of might for 180 gold pieces
 50702 | Depths:2 | Bought a scroll of enchant armour for 337 gold pieces
 50821 | Depths:2 | Found a one-way gate leading to the halls of Pandemonium.
 50941 | Depths:2 | Found a stormy altar of Qazlal.
 52117 | Depths:2 | Identified the amulet of Qinnimp {Spirit rN++ rCorr Str-3
                  | Stlth+}
 52364 | Depths:3 | Found a runed translucent door.
 52441 | Depths:3 | Found a flickering gateway to a bazaar.
 52448 | Bazaar   | Entered a bazaar
 52483 | Bazaar   | Found Fitorghygh's Jewellery Boutique.
 52503 | Bazaar   | Found Naces's Antique Armour Shoppe.
 52527 | Bazaar   | Found Jeni's Antique Armour Boutique.
 52548 | Bazaar   | Found Iboomumn's Book Emporium.
 52655 | Bazaar   | Bought an embroidered scarf for 192 gold pieces
 52823 | Depths:3 | Found a one-way gateway to a ziggurat.
 52823 | Depths:3 | You fall into a shaft and drop 1 floor!
 52823 | Depths:4 | Entered Level 4 of the Depths
 52825 | Depths:4 | Noticed a golden dragon
 52825 | Depths:4 | Found a gate to the Realm of Zot.
 53292 | Depths:3 | Noticed Sojobo
 53300 | Depths:3 | Killed Sojobo
 53884 | Depths:3 | Noticed Jeut's ghost (veteran MiFi)
 54056 | Depths:3 | Killed Jeut's ghost
 54316 | Depths:4 | Killed a golden dragon
 54405 | Depths:4 | Noticed a caustic shrike
 54410 | Depths:4 | Noticed a caustic shrike
 54411 | Depths:4 | Killed a caustic shrike
 54412 | Depths:4 | Noticed a caustic shrike
 54414 | Depths:4 | Killed a caustic shrike
 54415 | Depths:4 | Killed a caustic shrike
 54416 | Depths:4 | Reached XP level 24. HP: 234/295 MP: 23/23
 55159 | Depths:4 | Noticed a juggernaut
 55165 | Depths:4 | Killed a juggernaut
 55299 | Depths:4 | Noticed Parghit
 55317 | Depths:4 | Killed Parghit
 55333 | Depths:4 | Received a gift from Trog
 55891 | Vaults:5 | Entered Level 5 of the Vaults
 55934 | Vaults:5 | Identified the +4 scimitar "Quih" {heavy, rElec rN++ Dex-2}
 55938 | Vaults:5 | Reached skill level 27 in Maces & Flails
 56127 | Vaults:5 | Identified the ring of Gyobbiun {Ice Dex+3 Stlth+}
 56285 | Vaults:5 | Identified the +8 sling of Classification {flame, rElec}
 56364 | Vaults:5 | Noticed a dread lich
 56371 | Vaults:5 | Killed a dread lich
 56384 | Vaults:5 | Noticed an ancient lich
 56384 | Vaults:5 | Paralysed by a vault sentinel for 3 turns
 56392 | Vaults:5 | Killed an ancient lich
 56421 | Vaults:5 | Noticed a dread lich
 56428 | Vaults:5 | Killed a dread lich
 56444 | Vaults:5 | Noticed an ancient lich
 56461 | Vaults:5 | Killed an ancient lich
 56489 | Vaults:5 | HP: 22/442 [tengu reaver/bolt of cold (19)]
 56956 | Vaults:5 | Reached XP level 25. HP: 288/304 MP: 23/23
 57292 | Vaults:5 | Noticed a dread lich
 57302 | Vaults:5 | Killed a dread lich
 57930 | Vaults:5 | Noticed Boris
 57947 | Vaults:5 | Killed Boris
 58742 | Vaults:5 | Found Ullycs's Magic Scroll Shop.
 58742 | Vaults:5 | Found Miarr's Distillery.
 58754 | Vaults:5 | Bought a potion of haste for 100 gold pieces
 58754 | Vaults:5 | Bought a potion of curing for 30 gold pieces
 58754 | Vaults:5 | Bought a potion of haste for 100 gold pieces
 58754 | Vaults:5 | Bought a potion of curing for 30 gold pieces
 58754 | Vaults:5 | Bought a potion of curing for 30 gold pieces
 58754 | Vaults:5 | Bought a potion of heal wounds for 50 gold pieces
 58891 | Vaults:5 | Got a silver rune of Zot
 59059 | Vaults:5 | Found Qojoiz's Magic Scroll Boutique.
 59063 | Vaults:5 | Bought a scroll of enchant armour for 142 gold pieces
 59276 | Crypt:1  | Entered Level 1 of the Crypt
 59756 | Zot:1    | Entered Level 1 of the Realm of Zot
 59825 | Zot:1    | Noticed Vv
 59839 | Depths:4 | Killed Vv
 60423 | Zot:1    | Received a gift from Trog
 61478 | Zot:2    | Noticed a Killer Klown
 61682 | Zot:2    | Killed a Killer Klown
 61684 | Zot:2    | Noticed a Killer Klown
 61693 | Zot:2    | Killed a Killer Klown
 61946 | Zot:2    | Noticed a Killer Klown
 61968 | Zot:2    | Killed a Killer Klown
 62139 | Zot:2    | Reached XP level 26. HP: 253/311 MP: 23/23
 63095 | Zot:2    | Reached skill level 15 in Throwing
 64531 | Zot:3    | Noticed a Killer Klown
 64543 | Zot:3    | Killed a Killer Klown
 64746 | Zot:3    | Received a gift from Trog
 66970 | Zot:4    | Noticed a Killer Klown
 66987 | Zot:4    | Killed a Killer Klown
 67582 | Zot:5    | Entered Level 5 of the Realm of Zot
 68543 | Zot:5    | Noticed a dread lich
 68912 | Zot:4    | Killed a dread lich
 68913 | Zot:4    | Reached XP level 27. HP: 310/323 MP: 23/23
 69231 | Zot:5    | Noticed an orb of fire
 69243 | Zot:5    | Gained mutation: You are clumsy. (Dex -2) [an orb of fire]
 69255 | Zot:5    | Killed an orb of fire
 69263 | Zot:5    | Noticed an ancient lich
 69269 | Zot:5    | Killed an ancient lich
 69270 | Zot:5    | Noticed an orb of fire
 69271 | Zot:5    | Gained mutation: You are weak. (Str -2) [an orb of fire]
 69287 | Zot:5    | Killed an orb of fire
 69287 | Zot:5    | Noticed an orb of fire
 69300 | Zot:5    | Killed an orb of fire
 69550 | Zot:5    | Noticed a dread lich
 69558 | Zot:5    | Killed a dread lich
 69641 | Zot:5    | Noticed a dread lich
 69650 | Zot:5    | Killed a dread lich
 69742 | Zot:5    | Noticed an orb of fire
 69752 | Zot:5    | Killed an orb of fire
 69840 | Zot:5    | Noticed an orb of fire
 69858 | Zot:5    | Killed an orb of fire
 69963 | Zot:5    | Noticed an orb of fire
 69968 | Zot:5    | Gained mutation: You are very clumsy. (Dex -4) [an orb of
                  | fire]
 69977 | Zot:5    | Killed an orb of fire
 70530 | Zot:5    | Noticed an orb of fire
 70536 | Zot:5    | Gained mutation: You are frail. (-10% HP) [an orb of fire]
 70540 | Zot:5    | Killed an orb of fire
 70655 | Zot:5    | Noticed an orb of fire
 70667 | Zot:5    | Killed an orb of fire
 70873 | Zot:5    | Lost mutation: You have a pair of large horns on your head.
                  | [potion of mutation]
 70873 | Zot:5    | Lost mutation: You are weak. (Str -2) [potion of mutation]
 70873 | Zot:5    | Lost mutation: You have large cloven feet. [potion of
                  | mutation]
 70873 | Zot:5    | Gained mutation: You possess an exceptional clarity of
                  | mind. [potion of mutation]
 70873 | Zot:5    | Lost mutation: You possess an exceptional clarity of mind.
                  | [potion of mutation]
 70873 | Zot:5    | Gained mutation: You occasionally lose the ability to read
                  | scrolls when taking damage. [potion of mutation]
 70873 | Zot:5    | Gained mutation: You possess an exceptional clarity of
                  | mind. [potion of mutation]
 70874 | Zot:5    | Lost mutation: You passively map a small area around you.
                  | [potion of mutation]
 70874 | Zot:5    | Lost mutation: You possess an exceptional clarity of mind.
                  | [potion of mutation]
 70874 | Zot:5    | Gained mutation: You occasionally lose the ability to drink
                  | potions when taking damage. [potion of mutation]
 70874 | Zot:5    | Lost mutation: You occasionally shout uncontrollably at
                  | your foes. [potion of mutation]
 70874 | Zot:5    | Gained mutation: You are partially covered in large bone
                  | plates. (SH +4) [potion of mutation]
 70875 | Zot:5    | Lost mutation: You occasionally lose the ability to read
                  | scrolls when taking damage. [potion of mutation]
 70875 | Zot:5    | Lost mutation: You occasionally lose the ability to drink
                  | potions when taking damage. [potion of mutation]
 70875 | Zot:5    | Gained mutation: You have a pair of large horns on your
                  | head. [potion of mutation]
 70875 | Zot:5    | Gained mutation: Your spells are a little harder to cast,
                  | but a little more powerful. [potion of mutation]
 70875 | Zot:5    | Gained mutation: Your spells are harder to cast, but more
                  | powerful. [potion of mutation]
 71316 | D:8      | Killed thelochok's ghost
 71560 | Vaults:2 | Bought a scroll of blinking for 142 gold pieces
 71775 | Orc:2    | Bought a potion of curing for 36 gold pieces
 71775 | Orc:2    | Lost mutation: You are partially covered in large bone
                  | plates. (SH +4) [potion of mutation]
 71775 | Orc:2    | Lost mutation: You have a pair of large horns on your head.
                  | [potion of mutation]
 71775 | Orc:2    | Lost mutation: You are very clumsy. (Dex -4) [potion of
                  | mutation]
 71775 | Orc:2    | Gained mutation: You are strong-willed. (Will+) [potion of
                  | mutation]
 71775 | Orc:2    | Gained mutation: You are dopey. (Int -2) [potion of
                  | mutation]
 71775 | Orc:2    | Gained mutation: You have sharp toenails. [potion of
                  | mutation]
 72113 | Zot:5    | Noticed an ancient lich
 72134 | Zot:5    | Killed an ancient lich
 72214 | Zot:5    | Got the Orb of Zot
 72441 | Depths:4 | Noticed Fali the pandemonium lord
 72522 | D:13     | Noticed a seraph
 72527 | D:13     | Noticed Caxaxetu the pandemonium lord
 72531 | D:13     | Identified the +0 buckler "Buqail" {MP+9}
 72856 | D:$      | Escaped with the Orb!

Illustrated notes

Levels and vault maps discovered:
D:1:      nicolae_arrival_washed_ashore, layout_basic
D:2:      layout_loops_corners, basic_altar,
          nicolae_concentric_dashed_squares_mild
D:3:      layout_basic, shapermc_ecumenical_altar_mp_vishouse,
          gammafunk_ghost_nasty_kobolds, item_on_display_a
D:4:      gammafunk_wand_slinger, layout_layer_cave
D:5:      layout_basic, minmay_temple_entry_grid
D:6:      layout_basic, grunt_decor_arrowhead, hangedman_abyss_or_decor_slice,
          uniq_pikel
D:7:      layout_basic, serial_undead, serial_undead_b, serial_undead_c,
          serial_undead_b, serial_undead_e, serial_undead_b, serial_undead_a,
          serial_undead_a, enter_bailey_5, enter_ossuary_1, minmay_fountain_box,
          kennysheep_generic_room_9, uniq_maggie
D:8:      layout_rooms, gammafunk_ghost_icy
D:9:      layout_basic, orc_0_dummy
D:10:     layout_rooms, mainiacjoe_overflow_alcove_4, david_lair_shrubbed,
          uniq_joseph
D:11:     layout_basic
D:12:     layout_irregular_city, hellmonk_sif_muna_bookshelves, uniq_nergalle
D:13:     layout_gridville, hangedman_vaults_entry_quadrant_bands,
          gauntlet_entry_generic, grunt_decor_cap, dreamdust_wishing_well,
          nrook_loot_triangle, chequers_serial_rivers_room_b
D:14:     minmay_distorted_concentric_squares, layout_rooms, serial_ice,
          serial_ice_l, serial_ice_g, serial_ice_f, serial_ice_a, serial_ice_d,
          serial_ice_b, serial_ice_o, serial_ice_c, serial_ice_n, serial_ice_h,
          dreamdust_princess_corridor
D:15:     gammafunk_depths_entry_grave, layout_gridville, serial_demonic,
          serial_demonic_a, serial_demonic_g, serial_demonic_f,
          serial_demonic_e, serial_demonic_c, serial_demonic_a,
          minmay_misc_feat_diagonals, wad_mini_maze
Temple:   kilobyte_greek_temple
Lair:1:   beast_lair_carwin_large_4, layout_regular_city,
          gammafunk_ghost_cemetery
Lair:2:   beast_lair_carwin_large_1, layout_regular_city, swamp_mist_pool,
          guppyfry_snake_entry_garden, lemuel_fruit_fields, lemuel_fruit_tree
Lair:3:   layout_loops_ring, gammafunk_ghost_arena, minivault_19,
          serial_bayou_lake_a, grunt_megastairs_2
Lair:4:   layout_cellular_growth
Lair:5:   minmay_lair_end_enchanted_forest, layout_regular_city, slime_entry_2,
          nicolae_volcano_entry_two_sided, serial_bayou_pond_c,
          minmay_lindwurm_lava, grunt_megastairs_4
Swamp:1:  layout_falls_marsh, evilmike_swamp_ruin_house_5,
          nicolae_swamp_tree_isthmus
Swamp:2:  layout_basic_swamp, evilmike_swamp_ruin_house_1
Swamp:3:  layout_basic_swamp, evilmike_swamp_ruin_rubble_1,
          infiniplex_staircase_pool, uniq_mara, uniq_bai_suzhen
Swamp:4:  swamp_vile, layout_basic_swamp, swamp_pool_1_2,
          infiniplex_staircase_pool_2, uniq_louise
Snake:1:  nicolae_snake_hallway, layout_misc_corridors,
          nicolae_snake_gridmaze_zigzag
Snake:2:  layout_onion
Snake:3:  layout_grid_maze, serial_bayou_crossing, grunt_megastairs_3
Snake:4:  grunt_snake_rune_serpentine_throne, layout_cave_town, serial_shops,
          nicolae_shop_real_fake_doors, shop, portal_ice_cave_entry_pillars_2,
          hangedman_snake_pattern, serial_bayou_shore_a
Orc:1:    layout_caves, uniq_fannar
Orc:2:    st_orc_congregation, layout_caves, serial_shops,
          nicolae_shop_hallway_stairs, gammafunk_ghost_cemetery
Elf:1:    eino_elf_arrival_the_gate, layout_loops_corners, basic_altar,
          hangedman_elf_disciples
Elf:2:    elven_hall_of_blades_hangedman_original
          [nicolae_blade_entry_area_security], layout_gridlike, serial_glass,
          glass_columns_a, glass_columns_a, item_on_display_a,
          minmay_strange_pillars, minmay_strange_pillars,
          minmay_strange_pillars, uniq_azrael
Elf:3:    minmay_elf_hall_curves, layout_geoelf_grid, basic_altar,
          minmay_shop_grove
Vaults:1: v_alt_pattern_4, nicolae_vaults_closet_pinwheel_6, v_misc_17,
          v_misc_27, v_misc_10, grunt_vaults_trifunnel,
          grunt_vaults_hallway_short, nicolae_vaults_diamond_1,
          hangedman_vaults_trim, vaults_room_door_ring,
          nicolae_vaults_little_ls, vaults_dpeg_cross, layout_vaults_ring
Vaults:2: v_misc_30, v_misc_11, nicolae_vaults_diamond_1,
          hangedman_vaults_impose, v_alt_pattern_6, nicolae_vaults_trapezoid_2,
          nicolae_vaults_specimen_jars, nicolae_vaults_trapezoid_2,
          ontoclasm_vaults_shout, vaults_mumra_hex,
          minmay_crypt_entry_simple_box, v_misc_28, v_rooms_4,
          ontoclasm_vaults_idyll, nicolae_vaults_trapezoid_lopsided_3, v_misc_8,
          layout_vaults_big_cross, serial_shops,
          nicolae_shop_pleasant_corner_grove
Vaults:3: vaults_dpeg_doors, nicolae_vaults_storage_closets_2,
          nicolae_vaults_tangram_1, dpeg_vaults_monster_row,
          nicolae_vaults_asterisk, nicolae_vaults_offset_grid_hallway_1,
          v_pattern_2, nicolae_vaults_house_1, nicolae_vaults_two_Ls,
          nicolae_vaults_more_shelving_1, nicolae_vaults_oozy_zoo,
          layout_vaults_chaotic_city, serial_shops, nicolae_shop_behind_doors,
          uniq_donald, uniq_xtahua
Vaults:4: nicolae_vaults_shipping_containers_2,
          nicolae_vaults_closet_pinwheel_5, nicolae_vaults_sesquioval_fish,
          nicolae_vaults_trapezoid_layered, v_misc_25, grunt_vaults_focal,
          nicolae_vaults_wrenched, nicolae_vaults_little_squares_2,
          layout_vaults_omnibox, uniq_zenata
Vaults:5: uniq_boris
Crypt:1:  layout_rooms, hangedman_blasphemy, grunt_crypt_arrival_split,
          uniq_frederick, uniq_grunn, uniq_saint_roka
Depths:1: layout_cave_pools, hangedman_abyss_entry_splay,
          pf_hell_entry_tar_spiral, roadster_trireme
Depths:2: minmay_spriggan_fort, layout_gridlike, serial_shops,
          nicolae_shop_behind_doors, pan_entry, pf_vacation_house_of_asmodeus,
          chequers_serial_rivers_marsh, abyss_entry,
          nicolae_qazlal_eye_of_the_storm
Depths:3: kennysheep_blocky_hall, layout_cave_pools, enter_ziggurat_c,
          grunt_hell_horde, ebering_ghost_reflecting_pool, serial_shops,
          bzr_entry_safe, abyss_entry_glasseish, uniq_sojobo
Depths:4: grunt_zot_entry_funnels, layout_basic, hell_entry,
          minmay_misc_feat_more_columns, drop_trap, uniq_margery, uniq_parghit
Zot:1:    layout_onion_interference, uniq_vv
Zot:2:    ebering_greatest_show_in_zot, layout_basic, st_stairs_3,
          regret_index_zotdec_misc_clamp
Zot:3:    layout_twisted_circle, hangedman_zot_diagonal_lockstep
Zot:4:    layout_misc_corridors, regret_index_zotdec_plus
Zot:5:    layout_gridlike

Skill      XL: |  1  2  3  4  5  6  7  8  9 10 11 12 13 14 15 16 17 18 19 20 21 22 23 24 25 26 27 |
---------------+----------------------------------------------------------------------------------+-----
Dodging        | 3 6 8 10 11 14 15 | 15.2
Maces & Flails | 4 5 6 9 11 12 14 17 19 21 22 23 26 27 | 27.0
Fighting       | 10 12 14 18 20 21 25 27 | 27.0
Armour         | 3 8 9 13 15 16 17 19 21 22 | 22.3
Throwing       | 2 8 10 13 19 20 | 20.5

Action                     |  1- 3 |  4- 6 |  7- 9 | 10-12 | 13-15 | 16-18 | 19-21 | 22-24 | 25-27 || total
---------------------------+-------+-------+-------+-------+-------+-------+-------+-------+-------++-------
  Melee: Mace              |   112 |   102 |       |       |       |       |       |       |       ||   214
         Headbutt          |    14 |    18 |    70 |   139 |   127 |   146 |   210 |   151 |   182 ||  1057
         Punch             |       |     1 |     4 |     3 |       |       |       |       |       ||     8
         Whip              |       |       |   242 |       |       |       |       |       |       ||   242
         Flail             |       |       |   199 |   563 |       |       |       |       |       ||   762
         Giant spiked club |       |       |       |   130 |   765 |   847 |   974 |   724 |   798 ||  4238
         Kick              |       |       |       |       |       |       |   150 |   238 |   288 ||   676
  Throw: Stone             |     7 |     3 |    11 |     1 |     6 |    86 |       |       |       ||   114
         Javelin           |       |     3 |     8 |    12 |     2 |    28 |     8 |       |    10 ||    71
         Large rock        |       |       |       |     8 |    21 |    13 |    12 |    32 |   124 ||   210
         Dart              |       |       |       |     7 |     4 |    14 |     2 |       |       ||    27
         Boomerang         |       |       |       |       |       |     6 |    47 |    25 |       ||    78
         Throwing net      |       |       |       |       |       |       |       |     1 |       ||     1
 Invoke: Berserk           |     4 |     5 |     6 |    10 |     9 |    13 |     9 |    11 |    11 ||    78
         Trog's Hand       |       |       |     1 |     3 |     4 |    10 |    10 |    10 |     5 ||    43
         Brothers in Arms  |       |       |       |     2 |     3 |     3 |     5 |    20 |     9 ||    42
  Evoke: Wand              |       |     2 |       |       |       |       |       |       |       ||     2
         Tin of tremorston |       |       |       |       |       |       |       |     2 |       ||     2
    Use: Scroll            |       |       |    11 |     6 |    16 |     8 |     4 |    10 |     9 ||    64
         Potion            |       |       |     1 |     6 |     3 |     2 |     4 |    20 |    25 ||    61
   Stab: Held in net/web   |       |       |       |       |       |       |       |     2 |       ||     2
         Distracted        |       |       |       |       |       |       |       |       |     1 ||     1
         Invisible         |       |       |       |       |       |       |       |       |     1 ||     1
 Armour: Animal skin       |    73 |    59 |    92 |       |       |       |       |       |       ||   224
         Robe              |       |       |   129 |   528 |    66 |       |       |       |       ||   723
         Skin              |       |       |     8 |     6 |       |       |       |       |       ||    14
         Acid dragon scale |       |       |       |       |   603 |   334 |       |       |       ||   937
         Pearl dragon scal |       |       |       |       |       |   653 |  1053 |   814 |       ||  2520
         Gold dragon scale |       |       |       |       |       |       |       |   217 |  1498 ||  1715
  Dodge: Dodged            |    67 |    50 |   166 |   345 |   419 |   408 |   533 |   458 |   423 ||  2869
  Block: Other             |       |     7 |    79 |   141 |   146 |   110 |   191 |   163 |    35 ||   872
         Reflection        |       |       |     2 |     4 |    10 |     7 |    28 |     9 |     1 ||    61
